 Dungeon Crawl Stone Soup version 0.30-a0-135-g630cfc4551 (webtiles) character file.

Game seed: 12262726464498450109

114 Iusername the Chiller (level 4, 0/33 HPs)
             Began as a Draconian Ice Elementalist on Sept 20, 2022.
             Slain by Grinder (2 damage)
             ... while paralysed by Grinder
             ... on level 3 of the Dungeon.
             The game lasted 00:14:45 (4341 turns).

Iusername the Chiller (Draconian Ice Elementalist)  Turns: 4341, Time: 00:14:46

Health: 0/33       AC:  5    Str: 10 (13) XL:     4   Next: 66%
Magic:  1/8        EV:  2    Int: 13 (15) God:
Gold:   223        SH:  0    Dex: 10 (11) Spells: 4/8 levels left

rFire   . . .      SeeInvis .    q - +0 dagger
rCold   . . .      Faith    .    (no shield)
rNeg    . . .      Spirit   .    (body armour unavailable)
rPois   .          Reflect  .    (helmet restricted)
rElec   .          Harm     .    (no cloak)
rCorr   .          Rampage  .    (no gloves)
Will    .....                    (no boots)
Stlth   ++........               (no amulet)
HPRegen 0.11/turn                j - ring of wizardry
MPRegen 0.11/turn                (no ring)

@: paralysed, invisible (expiring)
A: AC +5, unfitting armour, cold-blooded
a: no special abilities


You were on level 3 of the Dungeon.
You visited 1 branch of the dungeon, and saw 3 of its levels.

You collected 223 gold pieces.

Inventory:

Hand Weapons
 q - a +0 dagger (weapon)
Missiles
 i - 5 javelins
Jewellery
 j - a ring of wizardry (left hand)
 m - a ring of poison resistance
 p - a ring of see invisible
Scrolls
 a - 4 scrolls of teleportation {unknown}
 b - a scroll of immolation {unknown}
 f - a scroll of enchant armour {unknown}
 g - 2 scrolls of magic mapping {unknown}
 l - a scroll of poison {unknown}
 o - a scroll of enchant weapon {unknown}
Potions
 d - a potion of resistance {unknown}
 e - a potion of might {unknown}
 k - a potion of degeneration
 n - a potion of flight {unknown}


   Skills:
 + Level 2.3 Dodging
 + Level 2.1 Stealth
 + Level 0.1 Unarmed Combat
 + Level 2.8 Spellcasting
 + Level 5.2 Ice Magic


You had 4 spell levels left.
You knew the following spells:

 Your Spells              Type           Power      Damage    Failure   Level
a - Freeze                Ice            60%        1d8       1%          1
b - Frozen Ramparts       Ice            30%        1d5       3%          3

Your spell library contained the following spells:

 Spells                   Type           Power      Damage    Failure   Level
 Ozocubu's Armour         Ice            15%        N/A       3%          3
 Shock                    Conj/Air       4%         1d3       10%         1
 Ignite Poison            Fire/Tmut/Pois 1%         N/A       26%         3
 Swiftness                Air            1%         N/A       26%         3
 Hailstorm                Conj/Ice       8%         3d4       32%         4
 Airstrike                Air            0%         2d(1-17)  65%         4
 Sticky Flame             Conj/Fire      1%         2d3       65%         4


Dungeon Overview and Level Annotations

Branches:
Dungeon (3/15)

Altars:

Shops:
D:1 *   D:2 (

Annotations:
D:3 Grinder


Innate Abilities, Weirdness & Mutations

Your plain brown scales are hard. (AC +5)
You cannot fit into any form of body armour.
You are cold-blooded and may be slowed by cold attacks.


Message History

Casting: Freeze (safe; 1% risk of failure)
Confirm with . or Enter, or press ? or * to list all spells.
Aiming: Freeze (safe; 1% risk of failure)
Press: ? - help, Shift-Dir - straight line, f/p - Grinder
Aim: Grinder (lightly wounded, unable to see you)
You freeze Grinder but do no damage.
Grinder completely resists. x2
The wall freezes Grinder but does no damage.
Grinder hits you.
* * * LOW HITPOINT WARNING * * *
You writhe in agony.
* * * LOW HITPOINT WARNING * * *
Casting: Freeze (safe; 1% risk of failure)
Confirm with . or Enter, or press ? or * to list all spells.
Aiming: Freeze (safe; 1% risk of failure)
Press: ? - help, Shift-Dir - straight line, f/p - Grinder
Aim: Grinder (lightly wounded, unable to see you)
You freeze Grinder but do no damage.
Grinder completely resists.
Grinder resists.
The wall freezes Grinder.
Grinder hits you but does no damage.
Casting: Freeze (safe; 1% risk of failure)
Confirm with . or Enter, or press ? or * to list all spells.
Aiming: Freeze (safe; 1% risk of failure)
Press: ? - help, Shift-Dir - straight line, f/p - Grinder
Aim: Grinder (lightly wounded, unable to see you)
You freeze Grinder but do no damage.
Grinder completely resists.
The frozen ramparts melt away.
Grinder gestures at you.
You barely resist.
It was a potion of degeneration.
There was something very wrong with that liquid.
You feel weakened.
You feel dopey.
You feel clumsy.
You flicker for a moment.
Grinder gestures at you.
You suddenly lose the ability to move!
Grinder gestures at you.
You shrug off the repeated paralysis!
The rat bites you.
* * * LOW HITPOINT WARNING * * *
Grinder hits you.
* * * LOW HITPOINT WARNING * * *
You writhe in agony.
You die...

#.#..# .$.>... #.#..# .......
#.#..# ### ....... #....# #..
......! #.#.## #.. .......##
#.#.# #.. ........# ##.#.# #..
......r5###..#.# #.. #@.#...#)#
#.. ##...###.# ##.. #########
#...# #.# #.>. ##.......## #...#
#.# #... . .##..8...8..###..(#
#.######.## ..##...........##...#
#.#........
..##....)8.....#....###.#........
..##..>.....<..#.#..##..#........
^###.....8.....#.#..##.##........


You could see Grinder (unable to see you) and a rat (wandering, unable to see
you).

Vanquished Creatures
  An orc wizard (D:3)
  3 gnolls
  2 dart slugs (D:1)
  3 orcs (D:3)
  2 ball pythons (D:3)
  6 bats
  3 endoplasms (D:1)
  4 giant cockroaches
  3 hobgoblins (D:2)
  6 kobolds
  4 quokkas
  A frilled lizard (D:1)
  5 goblins
  9 rats
52 creatures vanquished.

Notes
Turn   | Place    | Note
-------+----------+-------------------------------------------
     0 | D:1      | Iusername the Draconian Ice Elementalist began the quest
                  | for the Orb.
     0 | D:1      | Reached XP level 1. HP: 14/14 MP: 3/3
   574 | D:1      | Reached XP level 2. HP: 18/20 MP: 1/5
  1270 | D:1      | Found a faded altar of an unknown god.
  1686 | D:1      | Found Aceot's Assorted Antiques.
  2230 | D:2      | Reached XP level 3. HP: 26/26 MP: 3/6
  2299 | D:2      | Learned a level 3 spell: Frozen Ramparts
  2716 | D:2      | Found Nabumerr's Weapon Shoppe.
  3143 | D:3      | Reached XP level 4. HP: 33/33 MP: 0/8
  3696 | D:2      | Reached skill level 5 in Ice Magic
  4320 | D:3      | Noticed Grinder
  4322 | D:3      | Paralysed by Grinder for 5 turns
  4339 | D:3      | Paralysed by Grinder for 4 turns
  4341 | D:3      | Slain by Grinder

Illustrated notes

Levels and vault maps discovered:
D:1:      dpeg_arrival_renting, layout_basic,
          hellmonk_ecumenical_altar_defaced_shrine, serial_shops, shop,
          minmay_tiny_reverse_x
D:2:      layout_loops_ring, serial_shops, nicolae_diamond_shop,
          kennysheep_pointless_box, mrwooster_statue_mirror
D:3:      layout_rooms, minivault_5, grunt_ministairs_10, uniq_grinder

Skill      XL: |  1  2  3  4 |
---------------+-------------+-----
Stealth        | 2 |  2.1
Dodging        | 2 |  2.3
Ice Magic      | 5 |  5.2
Unarmed Combat | |  0.1
Spellcasting   | |  2.8

Action                   |  1- 3 |  4- 6 || total
-------------------------+-------+-------++-------
Melee: Unarmed           |    11 |     7 ||    18
       Dagger            |       |     2 ||     2
       Tailslap          |       |     1 ||     1
 Cast: Freeze            |    65 |    18 ||    83
       Frozen Ramparts   |     2 |     1 ||     3
  Use: Potion            |     4 |     3 ||     7
Armor: Skin              |    45 |    18 ||    63
Dodge: Dodged            |    81 |    21 ||   102

Table legend: (Time is in decaauts)
 A = Elapsed time spent in this place.
 B = Non-inter-level travel time spent in this place.
 C = Inter-level travel time spent in this place.
 D = Time resting spent in this place.
 E = Time spent auto-exploring this place.
 F = Levels seen in this place.
 G = Mean time per level.
                   A        B        C        D        E       F      G
               +--------+--------+--------+--------+--------+-----+--------+
         Total |   4345 |   4293 |     52 |   2203 |   1424 |   3 | 1448.3 |
       Dungeon |   4345 |   4293 |     52 |   2203 |   1424 |   3 | 1448.3 |
               +--------+--------+--------+--------+--------+-----+--------+

Top non-repeatable levels by time:
     D:1: 2198 daAuts
     D:2: 1453 daAuts
     D:3: 694 daAuts
